 Dungeon Crawl Stone Soup version 0.28.0-45-g0d030f2227 (webtiles) character file.

Game seed: 16692732537903351861

44 Peloso the Covered (level 3, -3/33 HPs)
             Began as a Minotaur Fighter on Apr 10, 2022.
             Slain by an orc priest
             ... wielding a +0 hand axe
              (6 damage)
             ... on level 3 of the Dungeon.
             The game lasted 00:01:31 (956 turns).

Peloso the Covered (Minotaur Fighter)                Turns: 956, Time: 00:01:32

Health: -3/33      AC:  8    Str: 20    XL:     3   Next: 41%
Magic:  2/2        EV:  9    Int:  5    God:
Gold:   18         SH:  4    Dex: 11    Spells: 2/2 levels left

rFire   . . .      SeeInvis .   a - +1 long sword
rCold   . . .      Faith    .   c - +0 buckler
rNeg    . . .      Spirit   .   b - +0 scale mail
rPois   .          Reflect  .   (helmet restricted)
rElec   .          Harm     .   h - +0 cloak
rCorr   .          Rampage  .   (no gloves)
Will    .....                   (no boots)
Stlth   ..........              (no amulet)
HPRegen 0.11/turn               (no ring)
MPRegen 0.08/turn               (no ring)

@: no status effects
A: horns 2, retaliatory headbutt
a: no special abilities


You were on level 3 of the Dungeon.
You visited 1 branch of the dungeon, and saw 3 of its levels.

You collected 18 gold pieces.

Inventory:

Hand Weapons
 a - a +1 long sword (weapon)
Armour
 b - a +0 scale mail (worn)
 c - a +0 buckler (worn)
 h - a +0 cloak (worn)
Scrolls
 e - 4 scrolls of identify {unknown}
Potions
 d - a potion of might


   Skills:
 + Level 4.1 Fighting
 + Level 3.0 Long Blades
 + Level 4.3 Armour
 + Level 4.0 Shields


You had 2 spell levels left.
You didn't know any spells.
Your spell library was empty.

Dungeon Overview and Level Annotations

Branches:
Dungeon (2/15)

Altars:


Innate Abilities, Weirdness & Mutations

You have a pair of horns on your head.
You reflexively headbutt those who attack you in melee.


Message History

You start to feel less resistant.
You open the door.
Your resistance to elements expires.
You open the door. 3 orcs and 2 orc priests come into view.
An orc is wielding a +0 vampiric dagger.
The orc shouts! x3
There are monsters nearby!
There are monsters nearby!
You hit the orc. You headbutt the orc.
You kill the orc!
The orc priest invokes the aid of Beogh against you.
Beogh smites you!
There is an open door here.
Things that are here:
a +0 vampiric dagger; a +0 ring mail You hit the orc priest but do no damage.
Your headbutt misses the orc priest.
The orc priest hits you with a +0 dagger.
The orc priest calls down the wrath of Beogh upon you.
Beogh smites you!
* * * LOW HITPOINT WARNING * * *
You slash the orc!
You kill the orc!
The orc priest hits you with a +0 hand axe.
* * * LOW HITPOINT WARNING * * *
Okay, then.
You hit the orc priest. Your headbutt misses the orc priest.
The orc priest is moderately wounded.
The orc priest closely misses you.
Unknown command.
You hit the orc priest.
The orc priest is heavily wounded.
The orc priest hits you with a +0 hand axe.
* * * LOW HITPOINT WARNING * * *
Unknown command.
You hit the orc priest.
The orc priest is almost dead.
The orc priest hits you with a +0 hand axe.
You die...

### #.## #...
###############.##
#...............#
#.###############
#.# #@# #o# #o#
#......o.#
+........+
#........#
###.......
#.####### #.


You could see 2 orc priests and an orc.

Vanquished Creatures
  A dart slug (D:1)
  2 orcs (D:3)
  3 endoplasms
  A giant cockroach (D:1)
  4 goblins
  3 hobgoblins
  A jackal (D:1)
  7 kobolds
  3 quokkas
  4 bats (D:1)
  5 rats
34 creatures vanquished.

Notes
Turn   | Place    | Note
-------+----------+-------------------------------------------
     0 | D:1      | Peloso the Minotaur Fighter began the quest for the Orb.
     0 | D:1      | Reached XP level 1. HP: 19/19 MP: 0/0
   239 | D:1      | Reached XP level 2. HP: 27/27 MP: 1/1
   693 | D:1      | Reached XP level 3. HP: 28/33 MP: 2/2
   898 | D:2      | You fall into a shaft and drop 1 floor!
   956 | D:3      | Slain by an orc priest

Illustrated notes

Levels and vault maps discovered:
D:1:      dpeg_arrival_brainrot, layout_rooms
D:2:      layout_basic, nicolae_elevator_lobby_asterisk
D:3:      layout_basic, uniq_ijyb

Skill      XL: |  1  2  3 |
---------------+----------+-----
Armour         | 4 |  4.3
Fighting       | 4 |  4.1
Shields        | 4 |  4.0
Long Blades    | 3 |  3.0

Action                   || total
-------------------------++-------
Melee: Long sword        ||    69
       Headbutt          ||     5
  Use: Scroll            ||     1
       Potion            ||     1
Armor: Scale mail        ||    27
Dodge: Dodged            ||    34
Block: Buckler           ||    10
